 Seeded DCSS version 0.30-a0-989-g0d87f670db (webtiles) character file.

Game seed: 20230331 (custom seed)

105 GigaChad the Covered (level 4, -1/40 HPs)
             Began as a Minotaur Fighter on Mar 31, 2023.
             Killed from afar by an orc wizard (3 damage)
             ... with a magic dart
             ... on level 3 of the Dungeon on Apr 3, 2023.
             The game lasted 00:04:33 (2033 turns).

GigaChad the Covered (Minotaur Fighter)             Turns: 2033, Time: 00:04:35

Health: -1/40      AC:  7    Str: 23    XL:     4   Next: 53%
Magic:  3/3        EV:  9    Int:  5    God:
Gold:   162        SH:  4    Dex:  9    Spells: 3/3 levels left

rFire   . . .      SeeInvis .    a - +0 war axe
rCold   . . .      Faith    .    c - +0 buckler
rNeg    . . .      Spirit   .    b - +0 scale mail
rPois   .          Reflect  .    (helmet restricted)
rElec   .          Rampage  .    (no cloak)
rCorr   .                        (no gloves)
Will    .....                    (no boots) Stlth
                                 (no amulet)
HPRegen 0.26/turn                (no ring)
MPRegen 0.08/turn                (no ring)

@: no status effects
A: horns 2, retaliatory headbutt
a: no special abilities


You were on level 3 of the Dungeon.
You visited 1 branch of the dungeon, and saw 3 of its levels.

You collected 162 gold pieces.

Inventory:

Hand Weapons
 a - a +0 war axe (weapon)
 k - a +2 trident of flaming
Armour
 b - a +0 scale mail (worn)
 c - a +0 buckler (worn)
Jewellery
 o - an amulet of reflection
 r - a ring of fire
Scrolls
 g - a scroll of enchant weapon {unknown}
 i - 2 scrolls of enchant armour {unknown}
 j - a scroll of teleportation {unknown}
 m - a scroll of identify {unknown}
 n - a scroll of torment {unknown}
 q - a scroll of amnesia {unknown}
Potions
 d - a potion of might
 e - 3 potions of curing {unknown}
 f - a potion of lignification {unknown}
 h - 2 potions of haste {unknown}
 l - 2 potions of heal wounds {unknown}
 p - a potion of resistance


   Skills:
 + Level 4.2 Fighting
 + Level 4.4 Axes
 + Level 4.5 Armour
 + Level 0.1 Dodging
 + Level 0.1 Stealth
 + Level 3.9 Shields


You had 3 spell levels left.
You didn't know any spells.
Your spell library contained the following spells:

 Spells                   Type           Power      Damage    Failure   Level
 Sting                    Tmut/Pois      0%         1d3       86%         1
 Poisonous Vapours        Pois/Air       0%         N/A       95%         2
 Olgreb's Toxic Radiance  Pois           0%         N/A       100%        4


Dungeon Overview and Level Annotations

Branches:
Dungeon (3/15)

Altars:
Xom

Shops:
D:2 *


Innate Abilities, Weirdness & Mutations

You have a pair of horns on your head.
You reflexively headbutt those who attack you in melee.


Message History

You are too confused!
You miss something. You completely miss something.
You hear some strange, mumbled words.
A puff of flame appears from out of thin air!
The puff of flame hits you. Something hits you.
Something hits you but does no damage.
You hear some strange, mumbled words.
Something tries to affect you, but you resist.
You closely miss something. Your headbutt misses something. You miss something.
You hear some strange, mumbled words.
A puff of flame appears from out of thin air!
The puff of flame hits you! Something hits you but does no damage.
Something hits you. Something hits you but does no damage.
You're too confused to move!
Something hits you but does no damage. Something hits you.
Something hits you but does no damage.
You feel less confused.
You hear some strange, mumbled words.
Something tries to affect you, but you resist.
Something hits you but does no damage. x2
You see here a scroll labelled NUAPAC ZOAKOR.
You barely miss something. x2; Something hits you but does no damage.
You block something's attack.
You barely miss something. x2; Something hits you.
You block something's attack.
You hear some strange, mumbled words.
A puff of flame appears from out of thin air!
The puff of flame hits you.
You hear some strange, mumbled words.
A puff of flame appears from out of thin air!
The puff of flame hits you!
* * * LOW HITPOINT WARNING * * *
You are too injured to fight recklessly!
Unknown command.
You closely miss something. Your headbutt misses something. You miss something.
Something hits you.
* * * LOW HITPOINT WARNING * * *
You hear some strange, mumbled words.
A magic dart appears from out of thin air!
The magic dart hits you.
You die...

...... (.# #...............
...... ..###...#######...#.
...... #...........####..#.
.[.≈..##.................#.
...≈≈..............####.##.
..................######...
≈§....)..........##....####
≈≈....).).......##......##.
#≈.......{@.....#.......†††
#≈.....≈.{.####.#........#.
#≈....§§....###.#..[.....#.
#§.....≈##...............#.
≈§......#####...##......##.
≈§......#.......†##....##..
..................###### ##
..≈≈................## .§.§
##._...........##


There were no monsters in sight!

Vanquished Creatures
  An adder (D:2)
  A worm (D:3)
  2 dart slugs
  2 orcs (D:3)
  6 endoplasms
  9 giant cockroaches (D:3)
  10 goblins
  5 hobgoblins
  12 jackals
  2 quokkas
  6 ball pythons
  4 bats
  4 frilled lizards
  7 kobolds
  5 rats
76 creatures vanquished.

Vanquished Creatures (others)
  16 fungi (D:3)
16 creatures vanquished.

Grand Total: 92 creatures vanquished

Notes
Turn   | Place    | Note
-------+----------+-------------------------------------------
     0 | D:1      | GigaChad the Minotaur Fighter began the quest for the Orb.
     0 | D:1      | Reached XP level 1. HP: 19/19 MP: 0/0
   193 | D:1      | Reached XP level 2. HP: 26/27 MP: 1/1
   540 | D:1      | Reached XP level 3. HP: 33/33 MP: 2/2
  1173 | D:2      | Found Siusergh's General Store.
  1573 | D:2      | You fall into a shaft and drop 1 floor!
  1793 | D:2      | Found a shimmering altar of Xom.
  1804 | D:2      | Reached XP level 4. HP: 40/40 MP: 3/3
  1914 | D:3      | Upgraded the game from 0.30-a0-972-gf3ab3527aa to
                  | 0.30-a0-989-g0d87f670db
  1987 | D:3      | Found a faded altar of an unknown god.
  2033 | D:3      | HP: 2/40 [something (4)]
  2033 | D:3      | Killed from afar by an orc wizard

Illustrated notes

Levels and vault maps discovered:
D:1:      dpeg_arrival_short_road, layout_basic
D:2:      layout_loops_corners, serial_shops, nicolae_lakefront_shop,
          basic_altar, minmay_hexomino_p4
D:3:      minmay_roachtagon, layout_rooms,
          nicolae_gozag_conspicuous_consumption, basic_ecumenical_altar,
          dreamdust_mushroom_princess, kennysheep_decorative_pillar

Skill      XL: |  1  2  3  4 |
---------------+-------------+-----
Armour         | 4 |  4.5
Axes           | 3 4 |  4.4
Fighting       | 4 |  4.2
Dodging        | |  0.1
Stealth        | |  0.1
Shields        | |  3.9

Action                     |  1- 3 |  4- 6 || total
---------------------------+-------+-------++-------
  Melee: War axe           |    94 |    29 ||   123
         Headbutt          |     9 |     6 ||    15
 Armour: Scale mail        |    36 |    21 ||    57
  Dodge: Dodged            |    52 |    11 ||    63
  Block: Buckler           |    18 |     4 ||    22

Table legend: (Time is in decaauts)
 A = Elapsed time spent in this place.
 B = Non-inter-level travel time spent in this place.
 C = Inter-level travel time spent in this place.
 D = Time resting spent in this place.
 E = Time spent auto-exploring this place.
 F = Levels seen in this place.
 G = Mean time per level.
                   A        B        C        D        E       F      G
               +--------+--------+--------+--------+--------+-----+--------+
         Total |   2078 |   1985 |     93 |      0 |   1549 |   3 |  692.7 |
       Dungeon |   2078 |   1985 |     93 |      0 |   1549 |   3 |  692.7 |
               +--------+--------+--------+--------+--------+-----+--------+

Top non-repeatable levels by time:
     D:1: 1061 daAuts
     D:2: 865 daAuts
     D:3: 151 daAuts
